 Dungeon Crawl Stone Soup version 0.31.0-32-g396128a36d (webtiles) character file.

Game seed: 11271713937789132913

9390 TacoSundae the Toxicologist (level 11, -4/83 HPs)
             Began as a Barachi Alchemist on Apr 18, 2024.
             Was a Believer of Vehumet.
             Slain by a white ugly thing (11 damage)
             ... on level 11 of the Dungeon on Apr 19, 2024.
             The game lasted 00:53:03 (12882 turns).

TacoSundae the Toxicologist (Barachi Alchemist)    Turns: 12882, Time: 00:53:03

Health: -4/83      AC: 13    Str: 10    XL:     11   Next: 45%
Magic:  24/33      EV: 12    Int: 19    God:    Vehumet [**....]
Gold:   750        SH:  0    Dex: 13    Spells: 10/28 levels left

rFire   . . .        b - +0 whip (drain)
rCold   . . .        (no shield)
rNeg    . . .        I - +0 steam dragon scales
rPois   .            o - +2 helmet
rElec   .            C - +1 cloak
rCorr   .            F - +2 pair of gloves
SInv    .            (no boots)
Will    +....        G - amulet of magic regeneration
Stlth   ++           E - ring of willpower
HPRegen 0.33/turn    r - ring of magical power
MPRegen 0.63/turn

%: no passive effects
@: very slightly contaminated, slow
A: amphibious, slowness 1, strong legs 1, +LOS
a: Hop, Renounce Religion


You were on level 11 of the Dungeon.
You worshipped Vehumet.
Vehumet was pleased with you.
You visited 2 branches of the dungeon, and saw 12 of its levels.
You also visited: Sewer.

You collected 750 gold pieces.

Inventory:

Hand Weapons
 a - a +2 dagger of venom
 b - a +0 whip of draining (weapon)
 q - the +11 long sword of Kecijir {pain, ^Drain rElec Str+6 Int+2}
   (You found it on level 3 of the Dungeon)

   Str+6:     It affects your strength (+6).
   Int+2:     It affects your intelligence (+2).
   rElec:     It insulates you from electricity.
   ^Drain:    It drains your maximum health when unequipped.
 y - a +3 dagger
 H - a +2 dagger of electrocution
Missiles
 l - 35 poisoned darts
 w - 4 curare-tipped darts
Armour
 o - a +2 helmet (worn)
 C - a +1 cloak (worn)
 F - a +2 pair of gloves (worn)
 I - +0 steam dragon scales (worn)
Jewellery
 c - a ring of resist corrosion
 g - a ring of protection from cold
 j - a ring of fire
 r - a ring of magical power (right hand)
 t - a ring of ice
 E - a ring of willpower (left hand)
 G - an amulet of magic regeneration (around neck)
Wands
 u - a wand of polymorph (24)
 J - a wand of acid (6)
 L - a wand of flame (21)
 P - a wand of charming (6)
Scrolls
 e - 2 scrolls of vulnerability
 i - 2 scrolls of amnesia
 p - 3 scrolls of poison
 s - 3 scrolls of teleportation
 D - a scroll of revelation
 M - a scroll of identify
 N - a scroll of blinking
 R - a scroll of fear
Potions
 d - 3 potions of curing
 f - a potion of cancellation
 h - 3 potions of brilliance
 k - 3 potions of berserk rage
 m - 2 potions of invisibility
 n - a potion of might
 v - 4 potions of enlightenment
 x - a potion of attraction
 z - 2 potions of heal wounds
 A - a potion of magic
 B - 2 potions of lignification
 K - 2 potions of mutation
 Q - a potion of resistance {unknown}
Miscellaneous
 O - a phial of floods


   Skills:
 + Level 6.8 Fighting
 - Level 2.5 Dodging
 - Level 2.0 Stealth
 + Level 9.0 Spellcasting
 * Level 10.1 Conjurations
 - Level 5.7 Fire Magic
 - Level 3.4 Air Magic
 - Level 10.1 Alchemy


You had 10 spell levels left.
You knew the following spells:

 Your Spells              Type           Power      Damage    Failure   Level
a - Sting                 Conj/Alch      100%       1d9       1%          1
b - Mephitic Cloud        Conj/Alch/Air  38%        N/A       1%          3
c - Sticky Flame          Fire/Alch      38%        2d8       3%          4
d - Olgreb's Toxic Radia  Alch           47%        N/A       1%          4
e - Shock                 Conj/Air       100%       1d9       1%          1
f - Irradiate             Conj/Alch      23%        3d19      3%          5

Your spell library contained the following spells:

 Spells                   Type           Power      Damage    Failure   Level
 Sandblast                Erth           16%        2d6       9%          1
 Magic Dart               Conj           100%       1d8       1%          1
 Mercury Vapours          Alch/Air       68%        N/A       1%          2
 Dazzling Flash           Conj/Hex       54%        N/A       3%          3
 Swiftness                Air            21%        N/A       6%          3
 Petrify                  Alch/Erth      27%        N/A       11%         4
 Blink                    Tloc           16%        N/A       12%         2
 Call Imp                 Summ           16%        N/A       12%         2
 Ensorcelled Hibernation  Hex/Ice        16%        N/A       12%         2
 Sublimation of Blood     Necr           8%         N/A       12%         2
 Airstrike                Air            10%        2d(2-18)  21%         4
 Passwall                 Erth           8%         N/A       24%         3
 Silence                  Hex/Air        7%         N/A       73%         5
 Curse of Agony           Necr           8%         N/A       92%         5
 Ozocubu's Refrigeration  Ice            4%         4d8       100%        7
 Discord                  Hex            4%         N/A       100%        8


Dungeon Overview and Level Annotations

Branches:
Dungeon (11/15)            Temple (1/1) D:7            Lair (0/5) D:10
    Orc (0/2) D:11          Sewer (visited)

Altars:
Ashenzari
Cheibriados
Dithmenos
Elyvilon
Fedhas
Gozag
Hepliaklqana
Kikubaaqudgha
Makhleb
Nemelex Xobeh
Okawaru
Qazlal
Ru
Sif Muna
Trog
Uskayaw
Vehumet
Wu Jian
Xom
Yredelemnul
Zin
The Shining One

Shops:
D:6 (

Annotations:
D:3 3 runed translucent doors, jimmypageman's ghost, amateur MiFi


Innate Abilities, Weirdness & Mutations

You are amphibious.
You cover ground slowly.
You can hop short distances.
You have an extended range of vision and can be seen from far away.


Message History

Your toxic aura wanes.
Something hits you. Something hits you. x2
Something hits you but does no damage.
The red ugly thing attacks as it pursues you!
The red ugly thing kicks you.
You are engulfed in flames!!
Casting: Olgreb's Toxic Radiance (mildly dangerous; 1% risk of failure)
Confirm with . or Enter, or press ? or * to list all spells.
You erupt in a fountain of uncontrolled magic!
The red ugly thing is blasted with magical radiation!
The red ugly thing is severely wounded.
The red ugly thing basks in the mutagenic energy and changes!
You are very lightly contaminated with residual magic.
Something hits you. Something hits you but does no damage.
The cyan ugly thing engulfs you but does no damage.
Something hits you but does no damage.
You hit the cyan ugly thing but do no damage.
You drain the cyan ugly thing.
The cyan ugly thing is severely wounded.
Something hits you. The cyan ugly thing engulfs you!
The cyan ugly thing shocks you!
* * * LOW HITPOINT WARNING * * *
Unknown command.
Casting: Irradiate (dangerous; 3% risk of failure)
Confirm with . or Enter, or press ? or * to list all spells.
You erupt in a fountain of uncontrolled magic!
The cyan ugly thing is blasted with magical radiation!
The cyan ugly thing is almost dead.
The cyan ugly thing basks in the mutagenic energy and changes!
The gargoyle is blasted with magical radiation!!
You destroy the gargoyle!
Vehumet accepts your kill. Something hits you but does no damage.
The white ugly thing headbutts you but does no damage.
You closely miss the white ugly thing.
The white ugly thing is almost dead.
The white ugly thing headbutts you!
* * * LOW HITPOINT WARNING * * *
The white ugly thing freezes you!
You die...

##### ####### .....######.....#
#.............#.#
#.###.....###.#.#
#.#####_#####.#u#################
..###.....###..)@...............#
#..$...........################.#
........<......########## #.#
##.###.###.....#........# #.# #.
... ##...##.######.# #.# # ###.
#..###.# #.# #.# #. #.## #.# #.#
#.# #. #.# #.# #.#######.. #.#
#.# #..........


You could see a white ugly thing (very poisoned, drained).

Vanquished Creatures
  A two-headed ogre (D:8)
  An ugly thing (D:10)
  A gargoyle (D:11)
  A komodo dragon (D:10)
  2 trolls (D:10)
  3 hornets (D:9)
  Sigmund (D:2)
  A wraith (D:11)
  A shadow (D:9)
  A wyvern (D:11)
  7 yaks
  2 steam dragons
  A water moccasin (D:8)
  5 orc warriors
  2 sky beasts
  An ice beast (D:5)
  4 ogres
  2 wolves (D:10)
  A centaur (D:8)
  6 kobold brigands
  2 phantoms (D:4)
  Blork the orc (D:4)
  3 bullfrogs
  A water moccasin zombie (D:4)
  3 scorpions
  20 killer bees
  3 howler monkeys (D:8)
  2 bombardier beetles (D:5)
  A centaur zombie (D:4)
  6 orc priests
  2 hounds
  3 jellies
  2 sleepcaps
  A gnoll bouda (D:8)
  A centaur skeleton (D:4)
  A bullfrog skeleton (D:4)
  2 scorpion zombies (D:4)
  Ijyb (D:4)
  5 iguanas
  10 orc wizards
  2 hound zombies (D:4)
  10 gnolls
  3 river rats (Sewer)
  10 adders
  A shadow imp (D:6)
  4 white imps
  2 adder zombies (D:4)
  An adder skeleton (D:4)
  4 dart slugs
  8 ribbon worms
  39 orcs
  11 endoplasms
  4 giant cockroaches
  13 goblins
  5 hobgoblins
  7 jackals
  3 quokkas
  16 ball pythons
  4 bats
  3 frilled lizards
  15 kobolds
  A quokka zombie (D:4)
  8 rats
288 creatures vanquished.

Notes
Turn   | Place    | Note
-------+----------+-------------------------------------------
     0 | D:1      | TacoSundae the Barachi Alchemist began the quest for the
                  | Orb.
     0 | D:1      | Reached XP level 1. HP: 13/13 MP: 3/3
   264 | D:1      | Reached XP level 2. HP: 19/19 MP: 0/5
  1102 | D:2      | Reached XP level 3. HP: 17/24 MP: 3/6
  1247 | D:2      | You fall into a shaft and drop 1 floor!
  1419 | D:2      | Noticed Sigmund
  1438 | D:2      | Learned a level 3 spell: Mephitic Cloud
  1618 | D:2      | Reached XP level 4. HP: 20/30 MP: 1/8
  1684 | D:2      | Killed Sigmund
  1685 | D:2      | Reached skill level 1 in Air Magic
  1685 | D:2      | Reached skill level 5 in Alchemy
  1685 | D:2      | Reached XP level 5. HP: 35/35 MP: 1/9
  1685 | D:2      | Reached XP level 6. HP: 41/41 MP: 1/10
  2100 | D:2      | Found a faded altar of an unknown god.
  3063 | D:3      | Identified the +11 long sword of Kecijir {pain, ^Drain
                  | rElec Str+6 Int+2}
  3345 | D:3      | Found a runed translucent gate.
  3345 | D:3      | Found a runed translucent gate.
  3345 | D:3      | Found a runed translucent gate.
  3348 | D:3      | Noticed jimmypageman's ghost (amateur MiFi)
  3753 | D:4      | Found an opulent altar of Gozag.
  4103 | D:4      | Noticed Blork the orc
  4115 | D:4      | Killed Blork the orc
  4116 | D:4      | Reached XP level 7. HP: 46/46 MP: 12/12
  4451 | D:4      | Learned a level 4 spell: Sticky Flame
  4817 | D:4      | Reached skill level 1 in Fire Magic
  4945 | D:4      | Noticed an angel
  4946 | D:4      | Found a glowing silver altar of Zin.
  5167 | D:4      | Noticed Ijyb
  5191 | D:4      | Killed Ijyb
  5192 | D:4      | Reached XP level 8. HP: 52/52 MP: 14/14
  5749 | D:5      | Entered Level 5 of the Dungeon
  6077 | D:5      | Found a glowing drain.
  6090 | Sewer    | Entered a sewer
  6108 | Sewer    | Learned a level 4 spell: Olgreb's Toxic Radiance
  6197 | Sewer    | Reached skill level 5 in Spellcasting
  7313 | D:5      | Reached XP level 9. HP: 57/57 MP: 14/17
  8193 | D:6      | Found Qoaq Ezu's Weapon Boutique.
  8201 | D:6      | Reached skill level 5 in Fire Magic
  8426 | D:6      | Reached skill level 10 in Alchemy
  8867 | D:7      | Found a staircase to the Ecumenical Temple.
  8879 | Temple   | Entered the Ecumenical Temple
  8898 | Temple   | Became a worshipper of Vehumet
  9081 | D:7      | Found a blossoming altar of Fedhas.
  9483 | D:7      | Learned a level 1 spell: Shock
 10001 | D:8      | Reached skill level 1 in Fighting
 10001 | D:8      | Reached skill level 5 in Conjurations
 10003 | D:8      | Reached XP level 10. HP: 63/67 MP: 19/20
 10025 | D:8      | Noticed a two-headed ogre
 10029 | D:8      | Killed a two-headed ogre
 10067 | D:8      | Found a burning altar of Makhleb.
 10256 | D:8      | Found a shadowy altar of Dithmenos.
 10682 | D:9      | Reached * piety under Vehumet
 10682 | D:9      | Offered knowledge of Freeze by Vehumet.
 10724 | D:9      | Found a glowing golden altar of the Shining One.
 10817 | D:9      | Found a stormy altar of Qazlal.
 10820 | D:9      | Found a hazy altar of Hepliaklqana.
 11022 | D:9      | Reached skill level 5 in Fighting
 11511 | D:9      | Found a snail-covered altar of Cheibriados.
 11607 | D:10     | Entered Level 10 of the Dungeon
 11730 | D:10     | Found an ancient bone altar of Kikubaaqudgha.
 11846 | D:10     | Reached XP level 11. HP: 80/80 MP: 23/23
 11868 | D:10     | Noticed a white ugly thing
 11880 | D:10     | Killed a white ugly thing
 11916 | D:10     | Found a staircase to the Lair.
 11966 | D:10     | Reached ** piety under Vehumet
 11966 | D:10     | Offered knowledge of Sandblast by Vehumet.
 12548 | D:11     | Found a staircase to the Orcish Mines.
 12632 | D:11     | Learned a level 5 spell: Irradiate
 12739 | D:11     | Reached skill level 10 in Conjurations
 12858 | D:11     | Found a broken altar of Ashenzari.
 12866 | D:11     | Noticed a red ugly thing
 12882 | D:11     | Slain by a white ugly thing

Illustrated notes

Levels and vault maps discovered:
D:1:      saegor_arrival_simple_d, layout_basic, serial_bayou_pond_b
D:2:      layout_loops_ring, nicolae_ecumenical_pavilion, uniq_sigmund
D:3:      layout_basic, biasface_ghost_orc_armoury
D:4:      kennysheep_goblin_castle, layout_loops_ring, grunt_gozag_breadcrumbs,
          zin_angel, serial_undead, serial_undead_e, serial_undead_d,
          serial_undead_e, serial_undead_f, serial_undead_c, serial_undead_f,
          serial_undead_a, uniq_blork_the_orc
D:5:      cheibrodos_barr_body, layout_loops_ring, portal_sewer_entry_d,
          dk_rats_in_the_wall, uniq_ijyb
D:6:      layout_rooms, serial_shops, nicolae_shop_rolling_square
D:7:      layout_layer_cave, lemuel_doored_altar, minmay_temple_entry_tees
D:8:      layout_rooms, mainiacjoe_overflow_chevrons,
          mainiacjoe_overflow_concentric_impassable,
          minmay_misc_feat_four_crosses
D:9:      layout_irregular_city, nicolae_overflow_hidden_temple
D:10:     layout_basic, old_standard_altar, erik_lair_orcish_takeover
D:11:     gammafunk_corrupted_shrine, layout_loops_ring, orc_0_dummy,
          cheibrodos_ashenzari_chains
Temple:   nicolae_temple_hex_pool

Skill      XL: |  1  2  3  4  5  6  7  8  9 10 11 |
---------------+----------------------------------+-----
Stealth        | 2 |  2.0
Conjurations   | 2 3 5 8 10 | 10.1
Alchemy        | 4 5 6 8 10 | 10.1
Spellcasting   | 3 4 5 7 8 9 |  9.0
Air Magic      | 1 2 3 |  3.4
Fire Magic     | 1 4 5 |  5.7
Fighting       | 1 5 6 |  6.8
Dodging        | |  2.5

Action                     |  1- 3 |  4- 6 |  7- 9 | 10-12 || total
---------------------------+-------+-------+-------+-------++-------
  Melee: Whip              |    15 |    91 |   187 |    42 ||   335
         Mace              |     7 |       |       |       ||     7
         Unarmed           |     2 |       |       |       ||     2
         Punch             |       |     2 |     3 |     2 ||     7
         Dagger            |       |       |    54 |       ||    54
   Cast: Sting             |    55 |    82 |   172 |    45 ||   354
         Mephitic Cloud    |     1 |     5 |     3 |     2 ||    11
         Sticky Flame      |       |       |    14 |     9 ||    23
         Olgreb's Toxic Ra |       |       |    31 |    41 ||    72
         Shock             |       |       |       |    30 ||    30
         Irradiate         |       |       |       |     3 ||     3
Ability: Hop               |       |       |     3 |       ||     3
    Use: Potion            |       |     3 |       |       ||     3
         Scroll            |       |       |    18 |     3 ||    21
   Stab: Sleeping          |       |       |     1 |       ||     1
 Armour: Robe              |    36 |    47 |   215 |    27 ||   325
         Skin              |       |    34 |       |       ||    34
         Steam dragon scal |       |       |       |    51 ||    51
  Dodge: Dodged            |    29 |    48 |   227 |    37 ||   341
